 Dungeon Crawl Stone Soup version 0.28.0 (webtiles) character file.

Game seed: 11250403221796838375

31 Strat the Chopper (level 3, 0/31 HPs)
             Began as a Hill Orc Monk on Feb 11, 2022.
             Killed by nerve-wracking pain
             ... invoked by Jessica
              (8 damage)
             ... on level 2 of the Dungeon.
             The game lasted 00:02:08 (1685 turns).

Strat the Chopper (Hill Orc Monk)                   Turns: 1685, Time: 00:02:08

Health: 0/31       AC:  4    Str: 15    XL:     3   Next: 22%
Magic:  3/3        EV: 12    Int: 10    God:
Gold:   22         SH:  0    Dex: 13    Spells: 2/2 levels left

rFire   . . .      SeeInvis .   a - +0 hand axe
rCold   . . .      Faith    .   (no shield)
rNeg    . . .      Spirit   .   b - +0 robe
rPois   .          Reflect  .   (no helmet)
rElec   .          Harm     .   (no cloak)
rCorr   .          Rampage  .   e - +1 pair of gloves
Will    .....                   (no boots)
Stlth   ++........              (no amulet)
HPRegen 0.10/turn               (no ring)
MPRegen 0.08/turn               (no ring)

@: no status effects
A: no striking features
a: no special abilities


You were on level 2 of the Dungeon.
You visited 1 branch of the dungeon, and saw 2 of its levels.

You collected 22 gold pieces.

Inventory:

Hand Weapons
 a - a +0 hand axe (weapon)
 i - a +0 hunting sling
Missiles
 c - 19 sling bullets
 g - 4 stones (quivered)
 h - 4 poisoned darts
Armour
 b - a +0 robe (worn)
 e - a +1 pair of gloves (worn)
 l - a +0 plate armour
Scrolls
 d - a scroll of immolation {unknown}
 j - a scroll of vulnerability {unknown}
 k - a scroll of teleportation {unknown}
 m - a scroll of summoning {unknown}
Potions
 f - a potion of curing {unknown}


   Skills:
 - Level 3.6 Fighting
 + Level 5.7 Axes
 - Level 2.4 Dodging
 - Level 1.5 Stealth


You had 2 spell levels left.
You didn't know any spells.
Your spell library was empty.

Dungeon Overview and Level Annotations

Branches:
Dungeon (2/15)

Altars:

Shops:
D:1 =

Annotations:
D:2 Jessica


Message History

You see here a +0 whip.
You see here a +0 dagger.
There is an open door here.
There is an open door here.
Done exploring.
Done exploring.
Done exploring.
There is an open door here.
There is a fountain of clear blue water here.
There is an escape hatch in the floor here.
You slide downwards.
The hatch slams shut behind you.
Found 4 gold pieces.
Found a stone staircase leading up.
Found a whip.
Jessica and a goblin come into view.
Jessica shouts!
The goblin shouts!
The goblin unwields a +0 dagger.
The goblin wields a +0 hunting sling.
The goblin shoots a stone.
The stone closely misses you.
You closely miss the goblin.
The goblin unwields a +0 hunting sling.
The goblin wields a +0 dagger.
The goblin hits you with a +0 dagger.
You hit the goblin.
The goblin is moderately wounded.
The goblin hits you but does no damage.
The goblin unwields a +0 dagger.
The goblin wields a +0 hunting sling.
The goblin shoots a stone.
The stone misses you. Jessica hits you with a +0 dagger.
The goblin shoots a stone.
The stone hits you.
Found a stone staircase leading down.
Jessica hits you with a +0 dagger.
* * * LOW HITPOINT WARNING * * *
The goblin shoots a stone.
The stone hits you.
* * * LOW HITPOINT WARNING * * *
You see here a +0 whip.
Jessica shouts, "You're disturbing me!
I'll have to kill you!" Jessica hits you but does no damage.
Jessica gestures at you while chanting. Pain shoots through your body!
* * * LOW HITPOINT WARNING * * *
There is a stone staircase leading down here.
Jessica gestures at you while chanting. Pain shoots through your body!
You die...

#.####.# #.# #.# #
#.####.######
#.##..).........
#.......g......#
#....#######...####
#.. ........@.# #
######.##.# ... #@#
#### #.# #.# #.#
..# ###


You could see Jessica and a goblin.

Vanquished Creatures
  2 ball pythons (D:1)
  3 endoplasms (D:1)
  2 giant cockroaches (D:1)
  5 hobgoblins (D:1)
  3 jackals (D:1)
  3 kobolds (D:1)
  3 frilled lizards (D:1)
  4 goblins (D:1)
  2 rats (D:1)
27 creatures vanquished.

Notes
Turn   | Place    | Note
-------+----------+-------------------------------------------
     0 | D:1      | Strat the Hill Orc Monk began the quest for the Orb.
     0 | D:1      | Reached XP level 1. HP: 19/19 MP: 1/1
   246 | D:1      | Found Yrolos's Jewellery Shop.
   257 | D:1      | Found a faded altar of an unknown god.
   259 | D:1      | Reached XP level 2. HP: 26/26 MP: 2/2
   344 | D:1      | Reached skill level 5 in Axes
   937 | D:1      | Reached XP level 3. HP: 21/31 MP: 3/3
  1673 | D:2      | Noticed Jessica
  1685 | D:2      | Killed from afar by Jessica

Illustrated notes

Levels and vault maps discovered:
D:1:      minmay_arrival_split_and_join, layout_basic,
          shapermc_ecumenical_altar_mp_highgroup, serial_shops, shop_statue,
          minmay_misc_feat_secret_circle
D:2:      layout_loops_ring, basic_altar, minmay_tromino_i2,
          uniq_crazy_yiuf_cottage, uniq_jessica

Skill      XL: |  1  2 |
---------------+-------+-----
Axes           | 5 |  5.7
Fighting       | |  3.6
Dodging        | |  2.4
Stealth        | |  1.5

Action                   || total
-------------------------++-------
Melee: Hand axe          ||   102
 Stab: Sleeping          ||     4
Armor: Robe              ||    26
Dodge: Dodged            ||    63
